 Dungeon Sprint DCSS version 0.20-a0-1058-g0491fde (webtiles) character file.

2420 potatolord5000 the Spry (level 9, -1/81 HPs)
             Began as a Merfolk Monk on Apr 26, 2017.
             Was a High Priest of Yredelemnul.
             Slain by a death scarab (25 damage)
             ... summoned by a greater mummy
             ... in the Dungeon (Sprint V: "Ziggurat Sprint").
             The game lasted 00:08:06 (473 turns).

potatolord5000 the Spry (Merfolk Monk)               Turns: 473, Time: 00:08:06

Health: -1/81      AC: 12    Str:  9    XL:     9   Next: 48%
Magic:  9/9        EV: 29    Int: 23    God:    Yredelemnul [*****.]
Gold:   0          SH:  0    Dex: 31    Spells: 8/8 levels left

rFire    + . .     SeeInvis .   a - +2 sword of Power
rCold    + . .     Gourm    .   (shield currently unavailable)
rNeg     . . .     Faith    .   p - +3 leather armour of the Pirate {MR+ Slay+3}
rPois    +         Spirit   .   l - +2 helmet {Int+3}
rElec    +         Reflect  .   o - +2 cloak of Ashenzari's Reproof {rElec Str-2 Int+10}
rCorr    +         Harm     .   (no gloves)
MR       +....     NoTele   +   (no boots)
Stlth    ++++++....             (no amulet)
Regen    0.3/turn               x - +6 ring of dexterity
MPRegen  0.2/turn               y - +6 ring of dexterity

@: resistant, injury mirror, drained
A: change form in water, swift swim, stealthy swim
a: Recall Undead Slaves, Injury Mirror, Animate Dead, Drain Life, Enslave Soul,
Renounce Religion


You were in the Dungeon.
You worshipped Yredelemnul.
Yredelemnul was extremely pleased with you.
You were not hungry.

You visited 1 branch

Inventory:

Hand Weapons
 a - the +2 sword of Power (weapon)
   (You found it in the Dungeon)
Armour
 l - a +2 helmet of intelligence (worn)
 o - the +2 cloak of Ashenzari's Reproof (worn) {rElec Str-2 Int+10}
   (You found it in the Dungeon)

   It affects your strength (-2).
   It affects your intelligence (+10).
   It insulates you from electricity.
 p - the +3 leather armour of the Pirate (worn) {MR+ Slay+3}
   (You found it in the Dungeon)

   It affects your accuracy and damage with ranged weapons and melee attacks
   (+3).
   It affects your resistance to hostile enchantments.
Jewellery
 x - a +6 ring of dexterity (left hand)
 y - a +6 ring of dexterity (right hand)
Scrolls
 i - 4 scrolls of blinking
 t - 5 scrolls of remove curse
Potions
 b - 2 potions of brilliance
 d - 9 potions of curing
 e - 4 potions of heal wounds
 f - 6 potions of haste
 g - 7 potions of magic
 h - 2 potions of berserk rage
 j - 2 potions of invisibility
 k - 3 potions of resistance
 m - 4 potions of agility
 n - 4 potions of might
Comestibles
 c - 5 bread rations
 v - 42 fruits
 w - 4 meat rations


   Skills:
 + Level 11.4(10.9) Fighting
 + Level 11.3(10.8) Long Blades
 + Level 15.7(15.1) Dodging
 + Level 11.9(11.4) Stealth


You had 8 spell levels left.
You didn't know any spells.

Dungeon Overview and Level Annotations

Branches:
Dungeon (1/1)

Altars:
Ashenzari
Cheibriados
Dithmenos
Elyvilon
Fedhas
Gozag
Hepliaklqana
Kikubaaqudgha
Makhleb
Nemelex Xobeh
Okawaru
Qazlal
Ru
Sif Muna
Trog
Uskayaw
Vehumet
Wu Jian
Xom
Yredelemnul
Zin
The Shining One
Beogh
Jiyva
Lugonu

Annotations:
D 1 transporter


Message History

The death scarab completely misses you.
You riposte.
You barely miss the death scarab.
The death scarab is almost destroyed.
Your flying skull hits the hellwing but does no damage.
Your flying skull hits the death scarab.
The death scarab is destroyed!
The death scarab's corpse disappears in a puff of smoke!
The death scarab completely misses you.
Your flying skull hits the hellwing.
Your flying skull closely misses the chaos spawn.
The chaos spawn completely misses you.
The death scarab misses your flying skull.
The hellwing barely misses your flying skull.
The hellwing hits your flying skull but does no damage.
Your flying skull hits the hellwing but does no damage.
Your wight hits the greater mummy with a flail.
The phantasmal warrior blinks!
Your flying skull hits the hellwing but does no damage.
The greater mummy misses your wight. The death scarab bites you!!
You die...
Your body rises from the dead as a mindless zombie.

▓.▓...▓.▓
▓.......▓
▓▓▓▓▓▓▓▓▓
▓..8©8..▓
▓..)[|..▓
▓§ZzW)..▓


▓sWMWZ.W▓ ▓ss4sz..▓ ▓z@Mz4z.▓ ▓.zzWz..▓ ▓...s...▓ ▓.......▓ ▓▓▓▓▓▓▓▓▓ You could
see a greater mummy, a mummy priest, a flayed ghost, 2 phantasmal warriors, a
hellwing, a freezing wraith, a hungry ghost, a chaos spawn, 5 death scarabs, a
wight, a giant cockroach zombie, a leopard gecko skeleton, 6 friendly flying
skulls and a friendly wight.

Vanquished Creatures
  2 two-headed ogres (D)
  2 jumping spiders (D)
  2 ogres (D)
  A scorpion (D)
  3 jellies (D)
  2 orc wizards (D)
  2 bat skeletons (D)
14 creatures vanquished.

Vanquished Creatures (collateral kills)
  3 guardian mummies (D)
  2 scorpions (D)
  An orc priest (D)
  An orc wizard (D)
  5 mummies (D)
  A bat zombie (D)
  A giant cockroach zombie (D)
14 creatures vanquished.

Vanquished Creatures (others)
  10 flying skulls (D)
  2 wights (D)
12 creatures vanquished.

Grand Total: 40 creatures vanquished

Notes
Turn   | Place    | Note
-------+----------+-------------------------------------------
     0 | D        | potatolord5000 the Merfolk Monk began the quest for the Orb.
     0 | D        | Reached XP level 1. HP: 18/18 MP: 1/1
     1 | D        | Found a blossoming altar of Fedhas.
     2 | D        | Found a viscous altar of Jiyva.
     2 | D        | Found an ancient bone altar of Kikubaaqudgha.
     2 | D        | Found a hazy altar of Hepliaklqana.
     2 | D        | Found a corrupted altar of Lugonu.
     2 | D        | Found an opulent altar of Gozag.
     2 | D        | Found a burning altar of Makhleb.
    15 | D        | Found an iron altar of Okawaru.
    15 | D        | Found a stormy altar of Qazlal.
    15 | D        | Found a sparkling altar of Nemelex Xobeh.
    15 | D        | Found a sacrificial altar of Ru.
    15 | D        | Found a deep blue altar of Sif Muna.
    36 | D        | Found a bloodstained altar of Trog.
   129 | D        | Became a worshipper of Yredelemnul the Dark
   129 | D        | Reached * piety under Yredelemnul
   129 | D        | Reached ** piety under Yredelemnul
   139 | D        | Reached skill level 10 in Dodging
   139 | D        | Reached XP level 2. HP: 24/24 MP: 2/2
   145 | D        | Entered arena 2.
   156 | D        | Entered arena 3.
   162 | D        | Reached XP level 3. HP: 29/30 MP: 3/3
   163 | D        | Reached *** piety under Yredelemnul
   163 | D        | Reached skill level 11 in Dodging
   163 | D        | Reached XP level 4. HP: 36/38 MP: 4/4
   165 | D        | Reached skill level 5 in Fighting
   165 | D        | Reached skill level 5 in Long Blades
   181 | D        | Entered arena 4.
   181 | D        | Noticed an ogre
   181 | D        | Noticed a two-headed ogre
   181 | D        | Noticed an ogre
   181 | D        | Noticed a two-headed ogre
   190 | D        | Killed a two-headed ogre
   190 | D        | Reached skill level 13 in Dodging
   190 | D        | Reached XP level 5. HP: 51/51 MP: 5/5
   190 | D        | Reached XP level 6. HP: 57/57 MP: 6/6
   190 | D        | Reached XP level 7. HP: 63/63 MP: 7/7
   193 | D        | Killed a two-headed ogre
   193 | D        | Reached skill level 10 in Fighting
   193 | D        | Reached skill level 10 in Long Blades
   193 | D        | Reached skill level 14 in Dodging
   193 | D        | Reached skill level 10 in Stealth
   193 | D        | Reached XP level 8. HP: 72/72 MP: 8/8
   196 | D        | Reached **** piety under Yredelemnul
   196 | D        | Received a gift from Yredelemnul (3 flying skulls)
   347 | D        | Entered arena 5.
   375 | D        | Got the ring of Fiqion {rC+ Dex+5 Slay-3}
   382 | D        | Entered arena 6.
   382 | D        | Noticed a jumping spider
   382 | D        | Noticed a jumping spider
   387 | D        | Reached ***** piety under Yredelemnul
   387 | D        | Received a gift from Yredelemnul (2 flying skulls)
   389 | D        | Reached skill level 15 in Dodging
   389 | D        | Reached XP level 9. HP: 67/79 MP: 9/9
   393 | D        | Received a gift from Yredelemnul (a wight)
   393 | D        | Received a gift from Yredelemnul (5 flying skulls)
   394 | D        | Killed a jumping spider
   395 | D        | Killed a jumping spider
   402 | D        | Got the +2 cloak of Ashenzari's Reproof {rElec Str-2 Int+10}
   419 | D        | Entered arena 7.
   419 | D        | Noticed a guardian mummy
   419 | D        | Noticed a guardian mummy
   428 | D        | Received a gift from Yredelemnul (a wight)
   428 | D        | Killed a guardian mummy
   430 | D        | Killed a guardian mummy
   431 | D        | Received a gift from Yredelemnul (3 flying skulls)
   438 | D        | Got the amulet of Linearity {Spirit rF+ rN++ Int+3 Dex-4}
   447 | D        | Got the +3 leather armour of the Pirate {MR+ Slay+3}
   456 | D        | Entered arena 8.
   456 | D        | Noticed a mummy priest
   456 | D        | Noticed a greater mummy
   456 | D        | Noticed a guardian mummy
   459 | D        | Noticed a jiangshi
   460 | D        | Noticed a hellwing
   463 | D        | Received a gift from Yredelemnul (3 flying skulls)
   465 | D        | Noticed a freezing wraith
   468 | D        | Noticed a phantasmal warrior
   469 | D        | Noticed a death scarab
   469 | D        | Noticed a death scarab
   470 | D        | Noticed a death scarab
   470 | D        | Noticed a death scarab
   470 | D        | Noticed a death scarab
   470 | D        | Killed a guardian mummy
   471 | D        | Received a gift from Yredelemnul (a wight)
   471 | D        | Noticed a death scarab
   471 | D        | Noticed a phantasmal warrior
   471 | D        | Noticed a flayed ghost
   473 | D        | Slain by a death scarab

Vault maps used:
D:        sprint_v

Skill      XL: |  1  2  3  4  5  6  7  8  9 |
---------------+----------------------------+-----
Dodging        | 10 11 13 14 15 | 15.7
Fighting       | 4 8 10 11 | 11.4
Long Blades    | 4 8 10 11 | 11.3
Stealth        | 3 4 9 10 11 | 11.9

Action                   |  1- 3 |  4- 6 |  7- 9 || total
-------------------------+-------+-------+-------++-------
Melee: Great sword       |     3 |     5 |    25 ||    33
Invok: Injury Mirror     |       |       |     1 ||     1
  Use: Potion            |     3 |     2 |     7 ||    12
Armor: Skin              |       |       |     3 ||     3
Dodge: Dodged            |     5 |     6 |    60 ||    71
       Rpst.: Great sword |     2 |     1 |    21 ||    24
